 Dungeon Crawl Stone Soup version 0.27-a0-594-g2aaa8dbbc2 (webtiles) character file.

Game seed: 1911926766475925350

968 ReteAZ the Skirmisher (level 8, 0/50 HPs)
             Began as a Gargoyle Fighter on Mar 11, 2021.
             Slain by Prince Ribbit (10 damage)
             ... on level 5 of the Dungeon.
             The game lasted 00:03:58 (4901 turns).

ReteAZ the Skirmisher (Gargoyle Fighter)            Turns: 4901, Time: 00:03:58

Health: 0/50       AC: 15    Str: 21    XL:     8   Next: 15%
Magic:  8/8        EV:  7    Int: 10    God:
Gold:   278        SH: 10    Dex:  9    Spells: 7/7 levels left

rFire    . . .     SeeInvis .   a - +0 war axe
rCold    . . .     Faith    .   c - +0 kite shield
rNeg     + . .     Spirit   .   b - +0 scale mail
rPois    ∞         Reflect  .   v - +0 helmet
rElec    +         Harm     .   w - +0 cloak
rCorr    .         Rampage  .   (no gloves)
Will     .....                  (no boots)
Stlth    ..........             (no amulet)
HPRegen  0.16/turn              (no ring)
MPRegen  0.11/turn              (no ring)

@: no status effects
A: negative energy resistance 1, electricity resistance, torment resistance 1,
unbreathing 1, petrification resistance, AC +5
a: no special abilities


You were on level 5 of the Dungeon.
You visited 1 branch of the dungeon, and saw 5 of its levels.

You collected 278 gold pieces.

Inventory:

Hand Weapons
 a - a +0 war axe (weapon)
Armour
 b - a +0 scale mail (worn)
 c - a +0 kite shield (worn)
 v - a +0 helmet (worn)
 w - a +0 cloak (worn)
Jewellery
 d - an amulet of guardian spirit
Wands
 u - a wand of random effects (8)
Scrolls
 f - a scroll of magic mapping {unknown}
 g - a scroll of immolation {unknown}
 h - 5 scrolls of identify {unknown}
 k - 2 scrolls of fog {unknown}
 m - a scroll of enchant armour {unknown}
 n - 2 scrolls of teleportation {unknown}
 t - a scroll of fear {unknown}
 x - a scroll of amnesia {unknown}
 y - a scroll of blinking {unknown}
 B - a scroll of enchant weapon {unknown}
Potions
 e - a potion of magic {unknown}
 i - a potion of resistance {unknown}
 j - a potion of degeneration {unknown}
 l - 3 potions of cancellation {unknown}
 o - 3 potions of curing {unknown}
 p - a potion of haste {unknown}
 q - 3 potions of flight {unknown}
 r - 3 potions of brilliance {unknown}
 s - 2 potions of attraction {unknown}
 z - a potion of invisibility {unknown}
 A - a potion of ambrosia {unknown}


   Skills:
 + Level 5.5 Fighting
 * Level 5.5 Axes
 + Level 5.5 Armour
 + Level 5.5 Shields


You had 7 spell levels left.
You didn't know any spells.
Your spell library contained the following spells:

 Spells                   Type           Power      Damage    Failure   Level
 Confusing Touch          Hex            0%         N/A       100%        3
 Gell's Gravitas          Tloc           0%         N/A       100%        3
 Petrify                  Tmut/Erth      0%         N/A       100%        4
 Metabolic Englaciation   Hex/Ice        0%         N/A       100%        5
 Yara's Violent Unravell  Hex/Tmut       0%         3d3       100%        5


Dungeon Overview and Level Annotations

Branches:
Dungeon (5/15)
 Temple: D:4-7

Altars:
The Shining One

Annotations:
D:5 Prince Ribbit


Innate Abilities, Weirdness & Mutations

Your stone body is resilient. (AC +5)
You are immune to poison.
You resist negative energy. (rN+)
You are resistant to electric shocks. (rElec)
You are resistant to unholy torment.
You can survive without breathing.
You are immune to petrification.


Message History

No target in view!
No target in view!
No target in view!
No target in view!
No target in view!
There is a stone staircase leading down here.
Prince Ribbit hops awkwardly around.
Prince Ribbit blinks!
You miss Prince Ribbit. You block Prince Ribbit's attack.
You miss Prince Ribbit.
Prince Ribbit catches a centipede with his tongue.
Prince Ribbit hits you. You block Prince Ribbit's attack.
You miss Prince Ribbit. Prince Ribbit barely misses you.
Prince Ribbit hits you but does no damage.
You miss Prince Ribbit.
Prince Ribbit hits you but does no damage.
You block Prince Ribbit's attack.
You miss Prince Ribbit.
Prince Ribbit hits you but does no damage.
Prince Ribbit hits you!
You barely miss Prince Ribbit.
Prince Ribbit hits you but does no damage.
You block Prince Ribbit's attack.
You slash Prince Ribbit!
Prince Ribbit is moderately wounded.
Prince Ribbit hits you! x2
* * * LOW HITPOINT WARNING * * *
You miss Prince Ribbit.
Prince Ribbit is moderately wounded.
Prince Ribbit lets out a mournful croak.
Prince Ribbit hits you but does no damage.
You block Prince Ribbit's attack.
You miss Prince Ribbit.
Prince Ribbit is moderately wounded.
Prince Ribbit hits you but does no damage.
Prince Ribbit blinks!
Prince Ribbit blinks!
Prince Ribbit hops awkwardly around.
Prince Ribbit hits you!
You die...

# #.# #.# #.# #.# #
#.#####.####.#
#............######
######.....F....).#
#.##########.#####
#>#...........)...
.######F#.########..##.#
.......@..# ######..##.#
#######.#####.......##.#
#.# ##..)###.###.#
#§###.....##.# #.#
#.##.......#.# #..
#............# ###
####F......### ##...<.##
##...##


You could see Prince Ribbit.

Vanquished Creatures
  Sigmund (D:4)
  A sky beast (D:3)
  2 ogres (D:4)
  A scorpion (D:5)
  An orc priest (D:4)
  3 orc wizards
  3 worker ants (D:4)
  A hound skeleton (D:2)
  Robin (D:3)
  7 adders
  8 gnolls
  A white imp (D:4)
  An ooze (D:2)
  2 dart slugs
  2 leopard geckos
  16 orcs
  A bat zombie (D:2)
  6 giant cockroaches
  17 goblins
  12 hobgoblins
  16 jackals
  8 kobolds
  2 quokkas
  3 ball pythons
  13 bats
  8 frilled lizards
  2 leopard gecko skeletons (D:2)
  A quokka skeleton (D:2)
  13 rats
153 creatures vanquished.

Vanquished Creatures (others)
  2 withered plants (D:2)
2 creatures vanquished.

Grand Total: 155 creatures vanquished

Notes
Turn   | Place    | Note
-------+----------+-------------------------------------------
     0 | D:1      | ReteAZ the Gargoyle Fighter began the quest for the Orb.
     0 | D:1      | Reached XP level 1. HP: 14/14 MP: 1/1
   257 | D:1      | Reached XP level 2. HP: 19/19 MP: 2/2
   556 | D:1      | Reached XP level 3. HP: 15/23 MP: 3/3
  1244 | D:2      | Reached XP level 4. HP: 28/29 MP: 4/4
  1449 | D:2      | Reached XP level 5. HP: 31/33 MP: 5/5
  2375 | D:3      | Noticed a sky beast
  2401 | D:3      | Killed a sky beast
  2402 | D:3      | Reached XP level 6. HP: 35/39 MP: 6/6
  2447 | D:3      | Noticed Robin
  2468 | D:3      | Killed Robin
  3107 | D:4      | Reached XP level 7. HP: 18/44 MP: 7/7
  3406 | D:4      | Noticed Sigmund
  3422 | D:4      | Killed Sigmund
  3423 | D:4      | Reached skill level 5 in Armour
  3423 | D:4      | Reached skill level 5 in Shields
  3526 | D:4      | Reached skill level 5 in Fighting
  3648 | D:4      | Found a glowing golden altar of the Shining One.
  3676 | D:4      | Reached skill level 5 in Axes
  4348 | D:5      | Entered Level 5 of the Dungeon
  4352 | D:5      | Reached XP level 8. HP: 49/49 MP: 8/8
  4867 | D:5      | Noticed Prince Ribbit
  4901 | D:5      | Slain by Prince Ribbit

Illustrated notes

Levels and vault maps discovered:
D:1:      saegor_arrival_simple_c, layout_loops_cross
D:2:      layout_basic, serial_undead, serial_undead_d, serial_undead_f,
          serial_undead_d, serial_undead_f, minmay_rat_gold_closets
D:3:      minmay_general_purpose_star, layout_basic, uniq_robin
D:4:      layout_gridville, tso_metal_star, uniq_sigmund
D:5:      layout_loops_ring, uniq_prince_ribbit1

Skill      XL: |  1  2  3  4  5  6  7 |
---------------+----------------------+-----
Axes           | 2 3 4 5 |  5.5
Armour         | 4 5 |  5.5
Fighting       | 4 5 |  5.5
Shields        | 4 5 |  5.5

Action                   |  1- 3 |  4- 6 |  7- 9 || total
-------------------------+-------+-------+-------++-------
Melee: War axe           |   123 |   243 |   150 ||   516
Throw: Throwing net      |       |     1 |       ||     1
  Use: Potion            |       |       |     1 ||     1
Armor: Scale mail        |    78 |   156 |    70 ||   304
Dodge: Dodged            |    57 |    99 |    34 ||   190
Block: Kite shield       |    92 |   147 |    66 ||   305

Table legend: (Time is in decaauts)
 A = Elapsed time spent in this place.
 B = Non-inter-level travel time spent in this place.
 C = Inter-level travel time spent in this place.
 D = Time resting spent in this place.
 E = Time spent auto-exploring this place.
 F = Levels seen in this place.
 G = Mean time per level.
                   A        B        C        D        E       F      G
               +--------+--------+--------+--------+--------+-----+--------+
         Total |   5175 |   5009 |    166 |      0 |   3865 |   5 | 1035.0 |
       Dungeon |   5175 |   5009 |    166 |      0 |   3865 |   5 | 1035.0 |
               +--------+--------+--------+--------+--------+-----+--------+

Top non-repeatable levels by time:
     D:4: 1436 daAuts
     D:1: 1162 daAuts
     D:3: 1075 daAuts
     D:2: 923 daAuts
     D:5: 577 daAuts
